 Dungeon Crawl Stone Soup version 0.31-a0-175-g9f7f995f2b (webtiles) character file.

Game seed: 11354617057144796003

352 qw the Chopper (level 6, -1/38 HPs)
             Began as a Gargoyle Fighter on June 17, 2023.
             Slain by an orc
             ... wielding a +0 trident
              (7 damage)
             ... on level 3 of the Dungeon.
             The game lasted 00:01:16 (1938 turns).

qw the Chopper (Gargoyle Fighter)                   Turns: 1938, Time: 00:01:17

Health: -1/38      AC: 13    Str: 22    XL:     6   Next: 62%
Magic:  6/6        EV:  8    Int:  8    God:
Gold:   89         SH:  4    Dex:  9    Spells: 5/5 levels left

rFire   . . .        Y - +1 war axe
rCold   . . .        c - +0 buckler
rNeg    + . .        a - +0 chain mail
rPois   inf          (no helmet)
rElec   +            (no cloak)
rCorr   .            (no gloves)
SInv    .            (no boots)
Will    .....        (no amulet) Stlth
                     (no ring)
HPRegen 0.26/turn    (no ring)
MPRegen 0.10/turn

%: no passive effects
@: no status effects
A: sickness immunity, AC +4, negative energy resistance 1, electricity
resistance, torment resistance 1, petrification resistance
a: no special abilities


You were on level 3 of the Dungeon.
You visited 1 branch of the dungeon, and saw 3 of its levels.

You collected 89 gold pieces.


Innate Abilities, Weirdness & Mutations

You are immune to sickness and miasma.
Your stone body is resilient. (AC +4)
You are immune to poison.
You resist negative energy. (rN+)
You are resistant to electric shocks. (rElec)
You are resistant to unholy torment.
You are immune to petrification.


   Skills:
 - Level 4.2 Fighting
 + Level 5.8 Axes
 - Level 3.2 Armour
 - Level 3.2 Shields


You had 5 spell levels left.
You didn't know any spells.
Your spell library was empty.

Inventory:

Hand Weapons
 g - a +0 whip
 Y - a +1 war axe (weapon)
Armour
 a - a +0 chain mail (worn)
 c - a +0 buckler (worn)
Potions
 b - a potion of haste {unknown}
 d - a potion of might
 f - a potion of attraction
 j - a potion of cancellation {unknown}

Dungeon Overview and Level Annotations

Branches:
Dungeon (3/15)

Altars:
Nemelex Xobeh

Shops:
D:3 *(

Annotations:
D:3 1 runed translucent door, Crazy Yiuf, Natasha


Message History

Enter note:
Enter note:
Enter note:
Enter note: You block the orc's attack.
A hobgoblin comes into view.
Enter note:
Enter note:
Enter note:
Enter note: The hobgoblin shouts!
The orc hits you but does no damage.
Enter note:
Enter note:
Enter note:
Enter note: You closely miss the orc.
The orc hits you but does no damage.
You hit the orc.
The orc is lightly wounded.
The orc hits you but does no damage.
Natasha, Servant of Life and Death comes into view.
You barely miss the orc.
The orc is lightly wounded.
Natasha hisses angrily.
The orc hits you but does no damage.
Natasha drinks a potion.
Natasha's spells are empowered!
You barely miss the orc. The orc hits you but does no damage.
You slash the hobgoblin!
You kill the hobgoblin!
You barely miss the orc. The orc hits you but does no damage.
The orc completely misses you.
A rat comes into view.
You closely miss the orc. The orc hits you but does no damage.
You hit the orc.
The orc is lightly wounded.
The orc hits you with a +0 trident!
You die...

.......%###.. #......
...........##..#
#......##......>...##..#
.......<..............##
.......<..............##
....................####
...>........[........###
.........%............#.
.r...ho@.)..............
......%..####....###....
.........# #....# #.>#.
.........# 7P...7 #..#.
#.#......# 77...7 #.#..
#....#.### 77.77 #...#
##.#.#. 77.7 #....
..#.#. 7.77 #..#. 77.7
#..##


You could see Natasha (empowered), an orc and a rat.

Vanquished Creatures
  Sigmund (D:2)
  An iguana (D:3)
  Terence (D:1)
  Natasha (twice) (D:3)
  2 adders
  3 dart slugs
  2 orcs (D:3)
  9 ball pythons
  6 bats
  7 endoplasms
  2 giant cockroaches
  6 goblins
  4 hobgoblins
  4 jackals (D:2)
  3 quokkas (D:1)
  6 frilled lizards
  6 kobolds
  5 rats
70 creatures vanquished.

Notes
Turn   | Place    | Note
-------+----------+-------------------------------------------
     0 | D:1      | qw the Gargoyle Fighter began the quest for the Orb.
     0 | D:1      | Reached XP level 1. HP: 14/14 MP: 1/1
     0 | D:1      | 0 ||| qw: Version: 0.3-a-2-g5ab2908
     0 | D:1      | 0 ||| qw: Game counter: 367
     0 | D:1      | 0 ||| qw: Always use a shield: true
     0 | D:1      | 0 ||| qw: God list: Okawaru
     0 | D:1      | 0 ||| qw: Allow faded altars: false
     0 | D:1      | 0 ||| qw: Do Orc after D:15 true
     0 | D:1      | 0 ||| qw: Do second Lair branch before Depths: true
     0 | D:1      | 0 ||| qw: Lair rune preference: random
     0 | D:1      | 0 ||| qw: Plans: Normal, Zot:1-4, Slime:5, God:TSO, Crypt,
                  | Tomb, Abyss, Pan, Hells, Win
     0 | D:1      | 0 ||| PLANNING D:1-11
    46 | D:1      | Reached skill level 2 in Axes
    84 | D:1      | Reached XP level 2. HP: 19/19 MP: 2/2
   351 | D:1      | Reached skill level 3 in Axes
   408 | D:1      | Reached XP level 3. HP: 23/23 MP: 3/3
   927 | D:1      | 927 ||| DROPPING +1 leather armour of positive energy.
   928 | D:1      | 928 ||| READING scroll labelled OMYL QUEXESKEA.
   929 | D:1      | 929 ||| READING 3 scrolls labelled RIGONN XOFEET.
   944 | D:1      | 944 ||| READING scroll labelled UXOBUIFINA.
   945 | D:1      | 945 ||| DROPPING 2 scrolls of torment.
   985 | D:2      | Noticed Terence
   993 | D:2      | 993 ||| STAIRDANCE
  1010 | D:1      | Killed Terence
  1011 | D:1      | Reached skill level 4 in Axes
  1011 | D:1      | Reached XP level 4. HP: 10/28 MP: 4/4
  1086 | D:2      | Noticed Sigmund
  1087 | D:2      | 1087 ||| STAIRDANCE
  1117 | D:2      | Killed Sigmund
  1118 | D:2      | Reached skill level 5 in Axes
  1118 | D:2      | Reached XP level 5. HP: 18/32 MP: 5/5
  1118 | D:2      | Reached XP level 6. HP: 21/37 MP: 6/6
  1148 | D:2      | 1148 ||| FLEEEEING.
  1149 | D:2      | 1149 ||| STAIRDANCE
  1245 | D:2      | 1245 ||| FLEEEEING.
  1246 | D:2      | 1246 ||| FLEEEEING.
  1247 | D:2      | 1247 ||| FLEEEEING.
  1248 | D:2      | 1248 ||| FLEEEEING.
  1249 | D:2      | 1249 ||| FLEEEEING.
  1250 | D:2      | 1250 ||| FLEEEEING.
  1251 | D:2      | 1251 ||| FLEEEEING.
  1252 | D:2      | 1252 ||| FLEEEEING.
  1253 | D:2      | 1253 ||| FLEEEEING.
  1254 | D:2      | 1254 ||| STAIRDANCE
  1274 | D:1      | 1274 ||| UPGRADING to +0 chain mail.
  1284 | D:1      | 1284 ||| DROPPING +0 scale mail.
  1285 | D:1      | 1285 ||| READING scroll labelled NEDOOREUGH.
  1473 | D:2      | 1473 ||| Stepping ~*~*~tactically~*~*~ (stealth).
  1540 | D:2      | Found a faded altar of an unknown god.
  1652 | D:2      | 1652 ||| READING scroll labelled WELILIHOADGH.
  1653 | D:2      | 1653 ||| READING scroll labelled QEGRUAHERI.
  1654 | D:2      | 1654 ||| DRINKING 2 viscous green potions.
  1678 | D:3      | Found Ceir's General Store.
  1684 | D:3      | 1684 ||| SHOPLISTING +5 heavy flail (366 gold, have 78).
  1684 | D:3      | 1684 ||| SHOPLISTING ring of protection from fire (275
                  | gold, have 78).
  1712 | D:3      | Found a sparkling altar of Nemelex Xobeh.
  1719 | D:3      | Noticed Natasha
  1727 | D:3      | Killed Natasha
  1764 | D:3      | Noticed Natasha
  1765 | D:3      | 1765 ||| Stepping ~*~*~tactically~*~*~ (hiding).
  1774 | D:3      | Killed Natasha
  1839 | D:3      | Found Ceocua's Antique Weapon Emporium.
  1848 | D:3      | 1848 ||| SHOPLISTING faintly glowing war axe (280 gold,
                  | have 89).
  1902 | D:3      | Found a runed translucent door.
  1903 | D:3      | Noticed Crazy Yiuf
  1927 | D:3      | HP: 2/38 [iguana (10)]
  1933 | D:3      | Noticed Natasha
  1938 | D:3      | Slain by an orc

Levels and vault maps discovered:
D:1:      enne_arrival_octagon_isle, layout_loops_ring, serial_forest,
          infiniplex_forest_end_1, infiniplex_forest_clump_double,
          infiniplex_forest_clump_tiny, infiniplex_forest_lined_corner,
          infiniplex_forest_end_1, infiniplex_forest_clump_long,
          infiniplex_forest_clump_medium, infiniplex_forest_clump_small,
          minivault_24
D:2:      layout_rooms, hellmonk_ecumenical_altar_zigzags, uniq_sigmund,
          uniq_terence
D:3:      layout_rooms, nemelex_altar_shiori, serial_shops,
          nicolae_shop_tiny_statue_garden, nicolae_shop_statue_plus,
          nicolae_shop_stone, shop, nicolae_shop_gibbet_a_chance, uniq_natasha,
          uniq_crazy_yiuf_cottage

Skill      XL: |  1  2  3  4  5  6 |
---------------+-------------------+-----
Axes           | 2 3 4 5 |  5.8
Fighting       | 4 |  4.2
Armour         | |  3.2
Shields        | |  3.2

Action                     |  1- 3 |  4- 6 || total
---------------------------+-------+-------++-------
  Melee: War axe           |   107 |    88 ||   195
    Use: Scroll            |     3 |     3 ||     6
         Potion            |       |     1 ||     1
 Armour: Scale mail        |    43 |    27 ||    70
         Chain mail        |       |    35 ||    35
  Dodge: Dodged            |    51 |    41 ||    92
  Block: Buckler           |    14 |    23 ||    37

Table legend:
 A = Non-vault XP
 B = Vault XP
 C = Vault XP percentage of total XP
 D = Non-vault monster count
 E = Vault monster count
 F = Vault count percentage of total count
                 A         B        C        D         E       F
            +---------+---------+-------+---------+---------+-------
      Total |     210 |     294 |  58.3 |      67 |       3 |   4.3
            +---------+---------+-------+---------+---------+-------
        D:1 |      71 |      36 |  33.6 |      35 |       1 |   2.8
        D:2 |      33 |     223 |  87.1 |      20 |       1 |   4.8
        D:3 |     106 |      35 |  24.8 |      12 |       1 |   7.7
            +---------+---------+-------+---------+---------+-------
